 Dungeon Crawl Stone Soup version 0.27-a0-1191-g601b473118 (webtiles) character file.

Game seed: 11568584220220423816

22066 st0uf the Geomancer (level 12, 0/67 HPs)
             Began as a Gargoyle Earth Elementalist on May 23, 2021.
             Was a Believer of Vehumet.
             Hit by a silver javelin thrown by a minotaur (2 damage)
             ... in a Gauntlet.
             The game lasted 01:02:48 (14010 turns).

st0uf the Geomancer (Gargoyle Earth Elementalist)  Turns: 14010, Time: 01:02:48

Health: 0/67       AC: 19    Str: 13    XL:     12   Next: 96%
Magic:  24/36      EV: 11    Int: 22    God:    Vehumet [**....]
Gold:   834        SH:  0    Dex: 10    Spells: 20/33 levels left

rFire    . . .     SeeInvis .   N - +4 dagger (venom)
rCold    . . .     Faith    .   (no shield)
rNeg     + . .     Spirit   .   P - +2 robe {Will+}
rPois    ∞         Reflect  .   B - +0 hat {Will+}
rElec    +         Harm     .   q - +0 cloak {Will+}
rCorr    .         Rampage  .   u - +5 pair of gloves of Dawn {Int+2}
Will     ++++.     NoTele   +   (no boots)
Stlth    +++.......             t - amulet of magic regeneration
HPRegen  0.21/turn              I - ring of willpower
MPRegen  0.50/turn              k - ring of magical power

@: no status effects
A: sickness immunity, AC +8, negative energy resistance 1, electricity
resistance, torment resistance 1, petrification resistance
a: Renounce Religion


You were in a Gauntlet.
You worshipped Vehumet.
Vehumet was pleased with you.
You visited 3 branches of the dungeon, and saw 14 of its levels.
You also visited: Ossuary and Gauntlet.

You collected 834 gold pieces.

Inventory:

Hand Weapons
 g - a +1 mace of protection
 N - a +4 dagger of venom (weapon)
Missiles
 b - 198 stones
Armour
 q - a +0 cloak of willpower (worn)
 u - the +5 pair of gloves of Dawn (worn) {Int+2}
   (You found it in a Gauntlet)

   It affects your intelligence (+2).
 B - a +0 hat of willpower (worn)
 P - a +2 robe of willpower (worn)
Jewellery
 i - a +4 ring of evasion
 k - a ring of magical power (right hand)
 o - a ring of positive energy
 t - an amulet of magic regeneration (around neck)
 F - a ring of flight
 I - a ring of willpower (left hand)
Wands
 c - a wand of iceblast (24)
 s - a wand of acid (17)
 H - a wand of mindburst (19)
 O - a wand of flame (23)
Scrolls
 e - 4 scrolls of enchant armour
 h - 4 scrolls of summoning
 l - 5 scrolls of teleportation
 n - a scroll of torment {unknown}
 v - a scroll of blinking
 w - 3 scrolls of vulnerability
 y - 4 scrolls of magic mapping
 A - 6 scrolls of fog
 G - 3 scrolls of fear {unknown}
 K - a scroll of enchant weapon {unknown}
Potions
 a - 2 potions of attraction {unknown}
 d - a potion of mutation {unknown}
 f - 3 potions of cancellation
 j - 3 potions of berserk rage {unknown}
 m - 9 potions of flight {unknown}
 p - 2 potions of brilliance
 r - 9 potions of curing
 x - 4 potions of heal wounds {unknown}
 z - 2 potions of haste {unknown}
 D - 2 potions of degeneration {unknown}
 J - 2 potions of magic {unknown}
 Q - 2 potions of ambrosia {unknown}


   Skills:
 + Level 4.3 Fighting
 - Level 1.5 Dodging
 + Level 5.3 Stealth
 + Level 11.1 Spellcasting
 * Level 12.3 Conjurations
 + Level 0.7 Transmutations
 * Level 3.6 Ice Magic
 - Level 2.0 Air Magic
 + Level 13.3 Earth Magic


You had 20 spell levels left.
You knew the following spells:

 Your Spells              Type           Power      Damage    Failure   Level
a - Sandblast             Erth           100%       2d20      1%          1
b - Stone Arrow           Conj/Erth      100%       3d13      1%          3
c - Lee's Rapid Deconstr  Erth           31%        3d17*     1%          5
d - Freeze                Ice            100%       1d11      1%          1
e - Mephitic Cloud        Conj/Pois/Air  33%        N/A       2%          3

Your spell library contained the following spells:

 Spells                   Type           Power      Damage    Failure   Level
 Inner Flame              Hex/Fire       12%        N/A       16%         3
 Shock                    Conj/Air       100%       1d9       1%          1
 Passwall                 Tmut/Erth      35%        N/A       1%          2
 Static Discharge         Conj/Air       43%        N/A       1%          2
 Conjure Flame            Conj/Fire      39%        6-21      1%          3
 Dazzling Flash           Conj/Hex       78%        N/A       1%          3
 Ensorcelled Hibernation  Hex/Ice        40%        N/A       3%          2
 Petrify                  Tmut/Erth      43%        N/A       3%          4
 Animate Skeleton         Necr           24%        N/A       5%          1
 Corona                   Hex            13%        N/A       5%          1
 Pain                     Necr           48%        1d6       5%          1
 Corpse Rot               Necr/Air       N/A        N/A       5%          2
 Poisonous Vapours        Pois/Air       32%        N/A       5%          2
 Swiftness                Air            21%        N/A       7%          3
 Lightning Bolt           Conj/Air       21%        1d36      8%          5
 Borgnjor's Vile Clutch   Necr/Erth      20%        N/A       10%         5
 Confusing Touch          Hex            12%        N/A       16%         3
 Gell's Gravitas          Tloc           6%         N/A       16%         3
 Tukima's Dance           Hex            12%        N/A       16%         3
 Vampiric Draining        Necr           6%         2d6       16%         3
 Airstrike                Air            10%        N/A       24%         4
 Animate Dead             Necr           6%         N/A       47%         4
 Metabolic Englaciation   Hex/Ice        10%        N/A       56%         5
 Freezing Cloud           Conj/Ice/Air   19%        6-21      56%         6
 Yara's Violent Unravell  Hex/Tmut       6%         3d5       78%         5
 Agony                    Necr           12%        N/A       83%         5
 Sublimation of Blood     Necr           Unusable   N/A       N/A         2
 Statue Form              Tmut/Erth      Unusable   N/A       N/A         6

Dungeon Overview and Level Annotations

Branches:
Dungeon (10/15)            Temple (1/1) D:7            Lair (4/6) D:9
  Snake (0/4) Lair:2          Orc (0/2) D:9         Ossuary (visited)
Gauntlet (1/1)
  Swamp: Lair:2-4    Shoals: Lair:2-4

Altars:
Ashenzari
Cheibriados
Dithmenos
Elyvilon
Fedhas
Gozag
Hepliaklqana
Kikubaaqudgha
Makhleb
Nemelex Xobeh
Okawaru
Ru
Sif Muna
Trog
Uskayaw
Vehumet
Xom
Yredelemnul
Zin
The Shining One
Lugonu

Shops:
D:1 *   D:4 ((!=   D:6 *   D:8 (

Portals:
Trove: D:10 (give 5 scrolls of fear)

Annotations:
D:2 1 runed translucent door, Crazy Yiuf
D:4 3 runed translucent doors, Terminal's ghost, novice OpTm
D:9 1 runed translucent door Gauntlet 6 transporters, 13 runed translucent doors


Innate Abilities, Weirdness & Mutations

You are immune to sickness and miasma.
Your stone body is resilient. (AC +8)
You are immune to poison.
You resist negative energy. (rN+)
You are resistant to electric shocks. (rElec)
You are resistant to unholy torment.
You are immune to petrification.


Message History

Aiming: Stone Arrow (safe; 1% risk of failure)
Press: ? - help, Shift-Dir - straight line, f - minotaur
Aim: a minotaur, wielding the +8 long sword "Erghai" {vamp, Will+}, wearing a +0 plate armour of fire resistance, wearing a +2 kite shield of poison resistance and quivering silver javelins (lightly wounded, 92% to hit)
The minotaur blocks the stone arrow.
Casting: Stone Arrow (safe; 1% risk of failure)
Confirm with . or Enter, or press ? or * to list all spells.
Aiming: Stone Arrow (safe; 1% risk of failure)
Press: ? - help, Shift-Dir - straight line, f/p - minotaur
Aim: a minotaur, wielding the +8 long sword "Erghai" {vamp, Will+}, wearing a +0 plate armour of fire resistance, wearing a +2 kite shield of poison resistance and quivering silver javelins (lightly wounded, 92% to hit)
The minotaur blocks the stone arrow.
The minotaur hits you but does no damage.
The minotaur gores you but does no damage.
Casting: Stone Arrow (safe; 1% risk of failure)
Confirm with . or Enter, or press ? or * to list all spells.
Aiming: Stone Arrow (safe; 1% risk of failure)
Press: ? - help, Shift-Dir - straight line, f/p - minotaur
Aim: a minotaur, wielding the +8 long sword "Erghai" {vamp, Will+}, wearing a +0 plate armour of fire resistance, wearing a +2 kite shield of poison resistance and quivering silver javelins (lightly wounded, 92% to hit)
The minotaur blocks the stone arrow.
The minotaur hits you with the +8 long sword "Erghai" {vamp, Will+}!!
The minotaur barely misses you.
The minotaur throws a silver javelin.
The silver javelin pierces through you!
Casting: Stone Arrow (safe; 1% risk of failure)
Confirm with . or Enter, or press ? or * to list all spells.
Aiming: Stone Arrow (safe; 1% risk of failure)
Press: ? - help, Shift-Dir - straight line, f/p - minotaur
Aim: a minotaur, wielding the +8 long sword "Erghai" {vamp, Will+}, wearing a +0 plate armour of fire resistance, wearing a +2 kite shield of poison resistance and quivering silver javelins (lightly wounded, 92% to hit)
The stone arrow hits the minotaur!!
The minotaur is moderately wounded.
The minotaur throws a silver javelin.
The silver javelin pierces through you!
* * * LOW HITPOINT WARNING * * *
x2 It was a potion of brilliance.
You feel clever all of a sudden.
The minotaur throws a silver javelin.
The silver javelin barely misses you.
It was a potion of cancellation.
Your magical effects are unravelling.
You feel magically purged.
You feel a little less clever now.
The minotaur throws a silver javelin.
The silver javelin pierces through you!
* * * LOW HITPOINT WARNING * * *
You die...

#..#........ #..#..##.##.
#####..#.#..#..#
#§8≈#..#.#.©#..#
########...#..#.^#####^
#........8.####.#..#..#
##.##H###.....©#.#..#..#
#8........8.####..##.##.
#.....#@#...#..#[.[.©...
#####.#.#.8.#..#########
#...#...#≈..........
......'.###.8.#∩..........
[8[8.8#...#...#≈..........
#######.#.#.8.#..#########
#.....#.#...#..#.uuG©)=.
#8..... ..8.####.#.#.#.#
##.##.###.


You could see a minotaur.

Vanquished Creatures
  A hydra (Lair:1)
  Erolcha (D:9)
  A catoblepas (D:9)
  6 two-headed ogres (D:9)
  2 death yaks
  A tengu warrior (D:9)
  A thrashing horror (Gauntlet)
  An orange crystal statue (Gauntlet)
  2 cyclopes
  A manticore (D:9)
  Maurice (D:8)
  An eye of devastation (Gauntlet)
  4 cane toads (Lair:1)
  A komodo dragon (Lair:1)
  A kobold demonologist (D:9)
  A troll (D:9)
  A polar bear (Lair:2)
  Grinder (D:3)
  2 wyverns (Lair:2)
  A wraith (D:9)
  A vampire (D:9)
  12 yaks
  4 small abominations (Gauntlet)
  A basilisk (Lair:4)
  2 steam dragons (D:9)
  2 acid dragons
  3 water moccasins
  A floating eye (Gauntlet)
  5 orc warriors
  3 ice beasts (Lair:4)
  2 ogres
  2 sky beasts
  3 necrophages
  12 wolves
  3 centaurs
  A phantom (D:6)
  6 kobold brigands
  2 elf zombies (Ossuary)
  7 bullfrogs
  A water moccasin zombie (D:4)
  A scorpion (D:4)
  A water moccasin skeleton (D:4)
  9 wights
  A killer bee (D:9)
  An electric eel (Lair:1)
  5 howler monkeys
  8 orc priests
  A centaur skeleton (D:3)
  A human zombie (Ossuary)
  3 iguanas (D:6)
  8 orc wizards
  7 hell rats
  A killer bee zombie (D:9)
  4 hound zombies
  2 hound skeletons (D:5)
  4 mummies (Ossuary)
  6 adders
  4 gnolls (D:7)
  A howler monkey skeleton (D:4)
  4 white imps
  4 adder zombies
  A worm (D:2)
  6 dart slugs
  37 orcs
  6 bats
  A bat zombie (D:5)
  7 endoplasms
  2 giant cockroaches
  2 gnoll zombies (Ossuary)
  8 goblins
  6 hobgoblins
  17 kobolds
  8 quokkas
  14 ball pythons
  3 frilled lizards
  A goblin zombie (D:6)
  2 hobgoblin zombies
  A kobold zombie (Ossuary)
  11 rats
  2 rat zombies (Ossuary)
315 creatures vanquished.

Vanquished Creatures (others)
  4 fungi (Lair:1)
  10 plants
14 creatures vanquished.

Grand Total: 329 creatures vanquished

Notes
Turn   | Place    | Note
-------+----------+-------------------------------------------
     0 | D:1      | st0uf the Gargoyle Earth Elementalist began the quest for
                  | the Orb.
     0 | D:1      | Reached XP level 1. HP: 10/10 MP: 3/3
   304 | D:1      | Reached skill level 4 in Earth Magic
   343 | D:1      | Reached XP level 2. HP: 15/15 MP: 3/5
   445 | D:1      | Found Fyelued's Assorted Antiques.
   786 | D:1      | Reached skill level 1 in Conjurations
   968 | D:2      | Reached skill level 1 in Fighting
   968 | D:2      | Reached XP level 3. HP: 20/20 MP: 3/6
   974 | D:2      | Learned a level 3 spell: Stone Arrow
  1416 | D:2      | Reached XP level 4. HP: 20/25 MP: 7/7
  1605 | D:2      | Reached skill level 5 in Earth Magic
  1781 | D:2      | Reached XP level 5. HP: 29/29 MP: 8/8
  1807 | D:2      | Found a runed translucent door.
  1808 | D:2      | Noticed Crazy Yiuf
  2305 | D:3      | Found a faded altar of an unknown god.
  2392 | D:3      | Found a blossoming altar of Fedhas.
  2415 | D:3      | Noticed Grinder
  2460 | D:4      | Found an iron altar of Okawaru.
  2541 | D:4      | Found a runed translucent gate.
  2541 | D:4      | Found a runed translucent gate.
  2541 | D:4      | Found a runed translucent gate.
  2541 | D:4      | Noticed Terminal's ghost (novice OpTm)
  2739 | D:4      | Reached XP level 6. HP: 28/35 MP: 8/10
  2945 | D:4      | Found Hoz Sit's Antique Weapon Boutique.
  2951 | D:4      | Found Piesintisch's Jewellery Boutique.
  2952 | D:4      | Found Neocliom's Antique Weapon Boutique.
  2953 | D:4      | Found Culygugy's Distillery.
  3173 | D:4      | Found a basalt altar of Yredelemnul.
  3196 | D:4      | Reached skill level 6 in Earth Magic
  3480 | D:5      | Entered Level 5 of the Dungeon
  3648 | D:5      | Reached XP level 7. HP: 40/40 MP: 6/12
  3816 | D:5      | Found a burning altar of Makhleb.
  3960 | D:5      | Found a hide-covered altar of Uskayaw.
  4259 | D:5      | Found an ancient bone altar of Kikubaaqudgha.
  4894 | D:6      | Found a shimmering blue altar of Sif Muna.
  4917 | D:6      | Found a sand-covered staircase.
  4939 | Ossuary  | Entered an ossuary
  4971 | Ossuary  | Reached XP level 8. HP: 18/45 MP: 8/15
  4985 | Ossuary  | Reached skill level 7 in Earth Magic
  5245 | Ossuary  | Reached skill level 5 in Spellcasting
  5478 | D:6      | Found a hazy altar of Hepliaklqana.
  5607 | D:6      | Found a sacrificial altar of Ru.
  5732 | D:6      | Found Jomeisy's Assorted Antiques.
  6122 | D:6      | Reached skill level 8 in Earth Magic
  6125 | D:6      | Identified the Handbook of Dusty Evil Secrets
  6409 | D:7      | Reached skill level 5 in Conjurations
  6479 | D:7      | Reached XP level 9. HP: 45/49 MP: 4/18
  6856 | D:7      | Found a staircase to the Ecumenical Temple.
  6864 | Temple   | Entered the Ecumenical Temple
  7071 | D:7      | Found an opulent altar of Gozag.
  7134 | D:7      | Found a sparkling altar of Nemelex Xobeh.
  7318 | D:3      | Killed Grinder
  7319 | D:3      | Reached skill level 9 in Earth Magic
  8149 | D:7      | Noticed an angel
  8150 | D:7      | Found a glowing silver altar of Zin.
  8168 | D:8      | Noticed a cyclops
  8169 | D:8      | Noticed Maurice
  8467 | D:8      | Killed a cyclops
  8468 | D:8      | Reached XP level 10. HP: 47/56 MP: 7/22
  8554 | D:8      | You fall into a shaft and drop 1 floor!
  8589 | D:9      | Learned a level 5 spell: Lee's Rapid Deconstruction
  8713 | D:8      | Found Yluyhof's Weapon Shoppe.
  8939 | D:8      | Found a glowing golden altar of the Shining One.
  9000 | D:8      | Killed Maurice
  9198 | D:9      | Noticed a two-headed ogre
  9202 | D:9      | Killed a two-headed ogre
  9203 | D:9      | Reached skill level 5 in Stealth
  9203 | D:9      | Reached skill level 10 in Earth Magic
  9272 | D:9      | Found a runed translucent door.
  9278 | D:9      | Noticed a two-headed ogre
  9279 | D:9      | Noticed a two-headed ogre
  9440 | D:9      | Found a radiant altar of Vehumet.
  9440 | D:9      | Noticed Erolcha
  9472 | D:9      | Became a worshipper of Vehumet
  9517 | D:9      | Killed Erolcha
  9665 | D:9      | Found a runed translucent door.
  9904 | D:9      | Found a staircase to the Orcish Mines.
  9944 | D:9      | Found a staircase to the Lair.
  9944 | D:9      | Noticed a death yak
  9958 | D:9      | Killed a death yak
  9958 | D:9      | Noticed a death yak
  9958 | D:9      | Noticed a death yak
  9959 | D:9      | Reached skill level 11 in Earth Magic
  9959 | D:9      | Reached XP level 11. HP: 51/60 MP: 7/24
 10036 | D:8      | Killed a death yak
 10263 | D:9      | Noticed a two-headed ogre
 10268 | D:9      | Killed a two-headed ogre
 10294 | D:9      | Reached * piety under Vehumet
 10294 | D:9      | Offered knowledge of Magic Dart by Vehumet.
 10616 | D:9      | Noticed a two-headed ogre
 10627 | D:9      | Killed a two-headed ogre
 10628 | D:9      | Reached skill level 10 in Spellcasting
 10920 | D:9      | Killed a two-headed ogre
 10980 | D:9      | Noticed a cyclops
 10982 | D:9      | Killed a cyclops
 10983 | D:9      | Reached skill level 10 in Conjurations
 10983 | D:9      | Reached skill level 12 in Earth Magic
 11030 | D:9      | Noticed a tengu warrior
 11057 | D:9      | Killed a two-headed ogre
 11167 | D:9      | Killed a tengu warrior
 11201 | D:9      | Noticed a manticore
 11216 | D:9      | Killed a manticore
 11276 | D:9      | Noticed a two-headed ogre
 11291 | D:9      | Reached XP level 12. HP: 66/66 MP: 16/26
 11325 | D:9      | Killed a two-headed ogre
 11399 | D:9      | Noticed a catoblepas
 11434 | D:9      | Killed a catoblepas
 11758 | D:10     | Entered Level 10 of the Dungeon
 11758 | D:10     | Found a portal to a secret trove of treasure.
 11883 | Lair:1   | Entered Level 1 of the Lair of Beasts
 11907 | Lair:1   | Noticed a seven-headed hydra
 11911 | Lair:1   | Killed a seven-headed hydra
 12011 | Lair:1   | Identified the +4 scale mail "Nuefiyrr" {Will+}
 12116 | Lair:1   | Reached skill level 1 in Ice Magic
 12219 | Lair:1   | Offered knowledge of Freeze by Vehumet.
 12220 | Lair:1   | Reached skill level 1 in Air Magic
 12221 | Lair:1   | Reached ** piety under Vehumet
 12275 | Lair:1   | Learned a level 1 spell: Freeze
 13100 | Lair:2   | Found a staircase to the Snake Pit.
 13124 | Lair:2   | Reached skill level 13 in Earth Magic
 13469 | Lair:2   | You fall into a shaft and drop 2 floors!
 13481 | Lair:4   | Noticed a death yak
 13598 | Lair:4   | Offered knowledge of Inner Flame by Vehumet.
 13600 | Lair:4   | Noticed an ice dragon
 13679 | Lair:4   | Found a gate leading to a gauntlet.
 13688 | Gauntlet | Entered a Gauntlet
 13688 | Gauntlet | Found a transporter.
 13688 | Gauntlet | Found a transporter.
 13692 | Gauntlet | Found a transporter.
 13694 | Gauntlet | Found a large runed translucent door.
 13695 | Gauntlet | Found a large runed translucent door.
 13696 | Gauntlet | Found a large runed translucent door.
 13696 | Gauntlet | Found a large runed translucent door.
 13696 | Gauntlet | Found a runed translucent door.
 13696 | Gauntlet | Found a runed translucent door.
 13697 | Gauntlet | Found a large runed translucent door.
 13697 | Gauntlet | Found a large runed translucent door.
 13697 | Gauntlet | Found a large runed translucent door.
 13697 | Gauntlet | Found a large runed translucent door.
 13698 | Gauntlet | Found a large runed translucent door.
 13698 | Gauntlet | Found a large runed translucent door.
 13698 | Gauntlet | Found a large runed translucent door.
 13699 | Gauntlet | Found a large runed translucent door.
 13699 | Gauntlet | Found a large runed translucent door.
 13699 | Gauntlet | Found a large runed translucent door.
 13699 | Gauntlet | Found a large runed translucent door.
 13699 | Gauntlet | Found a large runed translucent door.
 13703 | Gauntlet | Found a transporter.
 13703 | Gauntlet | Noticed a tengu warrior
 13709 | Gauntlet | Found a transporter.
 13729 | Gauntlet | Found a transporter.
 13820 | Gauntlet | Found a transporter.
 13833 | Gauntlet | Noticed a ghost crab
 13849 | Gauntlet | Found a runed translucent gate.
 13849 | Gauntlet | Found a runed translucent gate.
 13849 | Gauntlet | Found a runed translucent gate.
 13850 | Gauntlet | Found a transporter.
 13865 | Gauntlet | Noticed a thrashing horror
 13871 | Gauntlet | Identified the +5 pair of gloves of Dawn {Int+2}
 13891 | Gauntlet | Found a transporter.
 13893 | Gauntlet | Found a transporter.
 13903 | Gauntlet | Found a transporter.
 13903 | Gauntlet | Found a transporter.
 13921 | Gauntlet | Killed a thrashing horror
 13928 | Gauntlet | Noticed a great orb of eyes
 13972 | Gauntlet | Learned a level 3 spell: Mephitic Cloud
 13990 | Gauntlet | Identified the +8 long sword "Erghai" {vamp, Will+}
 13990 | Gauntlet | Noticed a minotaur
 14010 | Gauntlet | HP: 2/67 [minotaur/silver javelin (7)]
 14010 | Gauntlet | Hit by a silver javelin thrown by a minotaur

Illustrated notes

Levels and vault maps discovered:
D:1:      ncdulo_watergridlock, layout_rooms, serial_shops,
          nicolae_shop_statue_plus, serial_forest, infiniplex_forest_lined_ring,
          infiniplex_forest_lined_1, infiniplex_forest_straight_4,
          infiniplex_forest_straight_1, infiniplex_forest_lined_room_2
D:2:      minmay_razor_zed, layout_loops_ring, uniq_crazy_yiuf_cottage
D:3:      layout_basic, lemuel_doored_altar,
          shapermc_ecumenical_altar_totnotflames, uniq_grinder
D:4:      layout_rooms, okawaru_ov_weapons_minmay,
          nicolae_yredelemnul_corpse_copse, ebering_ghost_rock_garden,
          grunt_decor_clamped, kennysheep_donut, minmay_shop_grid_forest
D:5:      layout_basic, makhleb_blood_cavern_becter,
          eat_drink_and_be_merry_uskayaw, lemuel_zombie_altar_kikubaaqudgha,
          minmay_misc_feat_square
D:6:      minmay_octagon_keep, layout_loops_ring, general_overflow_altar,
          nicolae_ru_path_of_blood, kennysheep_mini, serial_shops, shop,
          enter_ossuary_3
D:7:      layout_cave_pools, zin_angel, marbit_many_paths, old_standard_altar,
          minmay_temple_entry_junction_2
D:8:      layout_basic, kennysheep_mini_moat, serial_corexii_hall,
          corexii_hall_statues_u, corexii_hall_statues_l, serial_shops, shop,
          uniq_maurice
D:9:      cheibrodos_histonic, layout_irregular_city, amcnicky_altar_gilded,
          dpeg_lair_monsters, hiddenorc1_lemuel, uniq_erolcha
D:10:     layout_layer_cave, pdpol_wu_jian_five_deadly_venoms,
          kennysheep_little_box, enter_trove_1, special_room [special_room_orc],
          grunt_decor_junction, david_greed
Temple:   corrupted_temple
Lair:1:   layout_roguey, grunt_forest_stairs_basic, serial_bayou_shore_a
Lair:2:   layout_cave_pods, dummy_snake_entry, chequers_serial_rivers_micro_e,
          chequers_serial_rivers_micro_a
Lair:4:   layout_cave_pods, gauntlet_entry_generic, ice2_lemuel
Gauntlet: gammafunk_gauntlet_branching [gammafunk_gauntlet_arena_corners,
          gammafunk_gauntlet_arena_teeth, nicolae_gauntlet_arena_grate_2,
          minmay_gauntlet_arena_make_your_own_arena,
          gammafunk_gauntlet_arena_split_x, nicolae_gauntlet_swirl,
          nicolae_gauntlet_arena_quarters, gammafunk_gauntlet_arena_grid,
          nicolae_gauntlet_exit_dead_adventurers]

Skill      XL: |  1  2  3  4  5  6  7  8  9 10 11 12 |
---------------+-------------------------------------+-----
Earth Magic    | 4 5 6 8 9 11 12 13 | 13.3
Conjurations   | 1 2 3 5 6 8 10 12 | 12.3
Fighting       | 1 2 3 4 |  4.3
Spellcasting   | 3 4 6 8 9 10 11 | 11.1
Stealth        | 3 4 5 |  5.3
Ice Magic      | 3 |  3.6
Air Magic      | 2 |  2.0
Dodging        | |  1.5
Transmutations | |  0.7

Action                   |  1- 3 |  4- 6 |  7- 9 | 10-12 || total
-------------------------+-------+-------+-------+-------++-------
Melee: Unarmed           |    64 |       |       |       ||    64
       Mace              |    20 |   136 |   131 |     5 ||   292
       Dagger            |       |       |       |    40 ||    40
 Cast: Sandblast         |    32 |    28 |    95 |    23 ||   178
       Stone Arrow       |       |     1 |    75 |   243 ||   319
       Lee's Rapid Decon |       |       |       |    13 ||    13
  Use: Scroll            |       |       |       |    12 ||    12
       Potion            |       |       |       |     2 ||     2
 Stab: Sleeping          |       |     6 |     3 |       ||     9
Armor: Robe              |    42 |    58 |   145 |    46 ||   291
Dodge: Dodged            |    70 |   138 |   269 |    74 ||   551

Table legend: (Time is in decaauts)
 A = Elapsed time spent in this place.
 B = Non-inter-level travel time spent in this place.
 C = Inter-level travel time spent in this place.
 D = Time resting spent in this place.
 E = Time spent auto-exploring this place.
 F = Levels seen in this place.
 G = Mean time per level.
                   A        B        C        D        E       F      G
               +--------+--------+--------+--------+--------+-----+--------+
         Total |  14121 |  13575 |    546 |   2453 |   7453 |  16 |  882.6 |
       Dungeon |  11511 |  10981 |    530 |   1983 |   6184 |  10 | 1151.1 |
        Temple |     27 |     16 |     11 |      0 |      0 |   1 |   27.0 |
          Lair |   1816 |   1811 |      5 |    206 |   1269 |   3 |  605.3 |
       Ossuary |    445 |    445 |      0 |    247 |      0 |   1 |  445.0 |
      Gauntlet |    320 |    320 |      0 |     17 |      0 |   1 |  320.0 |
               +--------+--------+--------+--------+--------+-----+--------+

Top non-repeatable levels by time:
     D:9: 2535 daAuts
     D:5: 1420 daAuts
     D:2: 1274 daAuts
     D:6: 1165 daAuts
     D:4: 1128 daAuts
     D:8: 1049 daAuts
  Lair:1: 1004 daAuts
     D:7: 988 daAuts
     D:1: 964 daAuts
     D:3: 909 daAuts
  Lair:2: 592 daAuts
 Ossuary: 445 daAuts
Gauntlet: 320 daAuts
  Lair:4: 218 daAuts
    D:10: 75 daAuts
